 Dungeon Crawl Stone Soup version 0.32-a0-765-gfba4d74c8c (webtiles) character file.

Game seed: 11800671385392455833

13 GordonOverkill the Sneak (level 2, -4/24 HPs)
             Began as a Demonspawn Delver on Mar 18, 2024.
             Slain by a river rat (11 damage)
             ... in a sewer.
             The game lasted 00:01:29 (359 turns).

GordonOverkill the Sneak (Demonspawn Delver)         Turns: 359, Time: 00:01:29

Health: -4/24      AC:  3    Str: 12    XL:     2   Next: 24%
Magic:  2/2        EV: 10    Int: 10    God:
Gold:   11         SH:  0    Dex: 14    Spells: 1/1 levels left

rFire   . . .        a - +0 hand axe
rCold   . . .        (no shield)
rNeg    . . .        b - +0 leather armour
rPois   .            (helmet restricted)
rElec   .            (no cloak)
rCorr   .            (no gloves)
SInv    .            (no boots)
Will    .....        (no amulet)
Stlth   ++           (no ring)
HPRegen 0.24/turn    (no ring)
MPRegen 0.08/turn

%: no passive effects
@: no status effects
A: antennae 1
a: no special abilities


You were in a sewer.
You visited 1 branch of the dungeon, and saw 2 of its levels.
You also visited: Sewer.

You collected 11 gold pieces.

Inventory:

Hand Weapons
 a - a +0 hand axe (weapon)
Missiles
 h - 5 datura-tipped darts (quivered)
Armour
 b - a +0 leather armour (worn)
Wands
 g - a wand of digging (3)
Scrolls
 c - a scroll of fog
 d - a scroll of revelation
 e - a scroll of fear
Potions
 f - a potion of haste


   Skills:
 - Level 3.0 Fighting
 + Level 2.7 Axes
 - Level 1.7 Dodging
 - Level 4.5 Stealth


You had one spell level left.
You didn't know any spells.
Your spell library was empty.

Dungeon Overview and Level Annotations

Branches:
Dungeon (6/15)              Sewer (1/1)
 Temple: D:4-7

Altars:


Innate Abilities, Weirdness & Mutations

You have a pair of small antennae on your head.


Message History

You enter the shallow water.
Moving in this stuff is going to be slow.
A rat comes into view.
The rat squeaks loudly.
You hit the rat.
The rat is heavily wounded.
The rat bites you but does no damage.
A rat comes into view.
The rat bites you.
You hit the rat.
You kill the rat!
You enter the shallow water.
Moving in this stuff is going to be slow.
Your unstable footing causes you to fumble your attack.
You closely miss the rat. The rat bites you but does no damage.
Your unstable footing causes you to fumble your attack.
The rat bites you.
The rat splashes around in the water.
You hit the rat.
You kill the rat!
No target in view!
No target in view!
No target in view!
A river rat comes into view.
You enter the shallow water.
Moving in this stuff is going to be slow.
You see here a rat corpse.
Throw: 6 darts (datura)
Press: ? - help, Q - select action Shift-Dir - straight line, f - river rat
Aim: a river rat (wandering, hasn't noticed you, 52% to hit, chance to frenzy on hit: 100%)
You throw a datura-tipped dart.
The datura-tipped dart hits the river rat.
The river rat flies into a frenzy!
You hear a splash.
The river rat squeaks loudly.
The river rat bites you!
You closely miss the river rat. The river rat closely misses you.
You hit the river rat but do no damage. The river rat bites you!
* * * LOW HITPOINT WARNING * * *
The river rat bites you!
You die...

##.~ ###~~.
#~.~~ ##~.~
#~..# #.~(# ~
#~~†## ~~
##~r~### #..~
#~@~~~#####.~~~~
###.~†.~∩~~.~.#
###~~~∩.~~###
#########


You could see a neutral river rat (fast, strong, frenzied).

Vanquished Creatures
  6 giant cockroaches (D:5)
  2 quokkas (D:5)
  3 rats (Sewer)
11 creatures vanquished.

Notes
Turn   | Place    | Note
-------+----------+-------------------------------------------
     0 | D:5      | GordonOverkill the Demonspawn Delver began the quest for
                  | the Orb.
     0 | D:5      | Reached XP level 1. HP: 18/18 MP: 1/1
     1 | D:6      | Noticed a gnoll bouda
    14 | D:5      | Noticed an orc priest
    85 | D:5      | Found a glowing drain.
   156 | D:5      | Gained mutation: You have a pair of small antennae on your
                  | head. [demonic ancestry]
   156 | D:5      | Reached XP level 2. HP: 7/24 MP: 2/2
   302 | Sewer    | Entered a sewer
   359 | Sewer    | Slain by a river rat

Illustrated notes

Levels and vault maps discovered:
D:5:      layout_basic, mainiacjoe_overflow_24_doors,
          minmay_temple_entry_sparse_star, gup_sewer_entry_pipe
D:6:      cheibrodos_two_vegetables, layout_cave_pools,
          mainiacjoe_overflow_paths, kiku_gazebo_garden_becter,
          lemuel_doored_altar, uniq_grinder, uniq_eustachio, uniq_prince_ribbit1
Sewer:    sewer_hellmonk_bad_rat

Skill      XL: |  1 |
---------------+----+-----
Axes           | 2 |  2.7
Fighting       | |  3.0
Dodging        | |  1.7
Stealth        | |  4.5

Action                     || total
---------------------------++-------
  Melee: Hand axe          ||    52
  Throw: Dart              ||     1
   Stab: Sleeping          ||     2
 Armour: Leather armour    ||    41
  Dodge: Dodged            ||    28

Table legend: (Time is in decaauts)
 A = Elapsed time spent in this place.
 B = Non-inter-level travel time spent in this place.
 C = Inter-level travel time spent in this place.
 D = Time resting spent in this place.
 E = Time spent auto-exploring this place.
 F = Levels seen in this place.
 G = Mean time per level.
                   A        B        C        D        E       F      G
               +--------+--------+--------+--------+--------+-----+--------+
         Total |    387 |    387 |      0 |    132 |      0 |   3 |  129.0 |
       Dungeon |    321 |    321 |      0 |    132 |      0 |   2 |  160.5 |
         Sewer |     66 |     66 |      0 |      0 |      0 |   1 |   66.0 |
               +--------+--------+--------+--------+--------+-----+--------+

Top non-repeatable levels by time:
     D:5: 319 daAuts
   Sewer: 66 daAuts
     D:6: 1 daAuts
